cohdb
Replays
Latest Replays
All Replays
Popular Replays
Top Player Replays
Match Explorer
How It Works
Community
CoH3 Stats
Reddit
Sign in to upload your games and track your stats! →
Sign in with Steam
Match 46741853
Unlisted
Match 46741853
Overview
Messages
Build Orders
End
Construct Barracks
Riflemen Squad
Riflemen Squad
Construct Weapon Support Center
Grenade Package
Construct Weapon Support Center
M1919 Machine Gun Team
Bazooka Squad
Construct Medical Station
Boneless
Royal Annihilator
mr.Brookerr
TheWolf
0
0
Comments
sign in to comment!
No comments posted yet!